AoeStats
← danjo

Four Lakes

510085277Analyzed
1v1 RM · 3d ago on Sep 29, 2026· 32m 45s· 2 players
Game mode
Random Map
Map size
Tiny (2 player)
Population
200
Speed
Normal
Resources
Standard
Victory
Conquest
Starting age
Dark Age
Ending age
Imperial Age
RankedLock teamsTeams togetherTeam positionsShared explorationLock speedFull tech treeHidden civsTurbo modeCheats
Victory
Defeat
🇩🇪 Malians · Germany
1115
+16
🇫🇷 Saxons · France
1108
-16
129mert
9:35 Feudal Age
8:10 Loom
10:14 Double-Bit Axe
15:43 Horse Collar
16:53 Bloodlines
19:23 Castle Age
17:31 Scale Barding Armor
17:32 Scale Mail Armor
18:12 Forging
21:27 Squires
25:11 Chain Mail Armor
24:33 Pikeman
25:50 Husbandry
31:00 Chain Barding Armor
32:08 Wheelbarrow
danjo
11:08 Feudal Age
12:14 Loom
16:25 Castle Age
15:34 Gold Mining
15:32 Double-Bit Axe
15:40 Stone Mining
17:22 Scale Barding Armor
17:28 Forging
18:13 Husbandry
18:22 Fishing Lines
20:23 Medium Warships
26:33 Scale Mail Armor
28:59 Gillnets
30:01 Chain Barding Armor
29:42 Gold Mining
29:56 Fletching
Connection lost

Rejoining the realm…

Still unreachable

The connection could not be restored.

Session expired

The server has moved on; the page needs a fresh start.